Map: [ESL] Babylon

Players

ByuN

  • Race: Terran Terran
  • Spawn Location: 11:00

Elazer - Winner!

  • Race: Zerg Zerg
  • Spawn Location: 5:00

Event: ESL SC2 Masters 2023 Summer (Finals)

VOD

Have the link to the VOD?

Description

Time

  • Played on: June 17, 2023, 11:31 a.m.
  • Length: 17:47

All games in this series

Show
View Real Time Build Order
Export as new Build Order

ByuN Terran 

Build Orders: Reaper Expand 

Get SALT Encoding   

  12  0:00  SCV  
  13  0:12  SCV  
  14  0:17  Supply Depot  
  14  0:24  SCV  
  15  0:39  SCV  
  15  0:41  Barracks  
  16  0:43  Refinery  
  16  0:51  SCV  
  17  1:03  SCV  
  18  1:15  SCV  
  19  1:28  Orbital Command, Reaper  
  20  1:40  Command Center  
  20  1:50  Supply Depot  
  20  1:53  SCV  
  21  2:00  Marine  
  22  2:05  SCV  
  23  2:21  SCV  
  24  2:24  Barracks Reactor  
  24  2:28  Command Center  
  24  2:33  SCV  
  25  2:40  Barracks  
  25  2:46  SCV  
  26  2:52  Orbital Command  
  26  2:58  SCV  
  27  3:00  Barracks, Marine  
  27  3:02  Marine  
  29  3:10  SCV  
  30  3:13  Bunker  
  31  3:20  SCV, Marine x2  
  31  3:22  SCV  
  31  3:27  Barracks Tech Lab  
  34  3:32  SCV  
  35  3:34  SCV  
  35  3:38  Marine x2  
  37  3:42  Orbital Command  
  37  3:44  SCV  
  37  3:45  Marine  
  37  3:46  SCV  
  37  3:48  Stimpack, Barracks Tech Lab  
  40  3:55  Marine  
  40  3:56  Marine, SCV  
  40  3:58  SCV  
  40  4:00  Supply Depot  
  44  4:04  Marine  
  44  4:06  Combat Shield  
  44  4:07  Marine  
  44  4:08  SCV  
  47  4:10  SCV  
  47  4:12  SCV  
  47  4:13  Marine  
  47  4:14  Marine  
  47  4:16  Refinery  
  51  4:23  SCV x2  
  53  4:24  SCV  
  53  4:25  Marine x2  
  53  4:26  Supply Depot  
  53  4:31  Marine, Factory  
  56  4:32  Marine  
  56  4:35  SCV  
  56  4:36  SCV x2  
  61  4:39  Refinery  
  61  4:44  Marine x2  
  63  4:48  SCV x2, Supply Depot  
  63  4:49  Marine x2  
  63  4:50  SCV  
  68  4:54  Refinery  
  68  5:00  SCV x2  
  68  5:02  SCV, Engineering Bay x2  
  68  5:03  Marine x2  
  73  5:07  Marine x2  
  75  5:14  Factory Reactor  
  75  5:15  Starport  
  75  5:21  Marine, SCV  
  76  5:22  SCV  
  76  5:25  Barracks, SCV  
  76  5:28  Terran Infantry Weapons Level 1, Barracks  
  79  5:30  Terran Infantry Armor Level 1  
  79  5:36  SCV x2  
  79  5:39  Barracks Reactor  
  79  5:41  Marine x3  
  84  5:56  SCV  
  85  5:57  Armory  
  85  5:58  Orbital Command  
  85  5:59  Supply Depot  
  85  6:02  Supply Depot  
  85  6:04  Supply Depot  
  85  6:05  Marine x3, SCV  
  85  6:07  Medivac x2  
  93  6:20  Barracks Reactor  
  93  6:21  SCV x2, Barracks Reactor, Siege Tank  
  93  6:24  SCV  
  99  6:27  Supply Depot  
  99  6:29  Marine x3  
  99  6:30  Marine  
  103  6:33  SCV  
  103  6:37  Marine, Supply Depot  
  105  6:52  Marine x3  
  105  6:53  Marine, Siege Tank  
  112  6:54  Medivac x2  
  112  6:55  Marine  
  112  6:56  SCV x2  
  112  6:57  SCV  
  112  6:59  Supply Depot  
  112  7:00  Supply Depot  
  120  7:08  Terran Vehicle Weapons Level 1  
  120  7:13  Marine  
  120  7:14  Marine  
  120  7:15  Marine x4  
  123  7:16  Marine x3  
  129  7:23  SCV x3  
  129  7:25  Terran Infantry Weapons Level 2, Terran Infantry Armor Level 2  
  129  7:26  Refinery, Supply Depot  
  129  7:28  Supply Depot  
  132  7:30  Marine  
  132  7:32  Marine x2  
  132  7:33  Marine x4  
  132  7:35  Siege Tank  
  142  7:49  Marine  
  142  7:50  Marine x4  
  142  7:51  Marine x2  
  147  7:53  Marine  
  150  7:58  Command Center, Supply Depot  
  150  8:00  Marine  
  151  8:06  Medivac  
  151  8:07  Marine x2  
  151  8:08  Marine x3, Medivac  
  160  8:13  Marine x3  
  160  8:17  Marine  
  157  8:25  Marine x3  
  157  8:26  Marine x2  
  154  8:31  Marine x3  
  157  8:34  Factory  
  157  8:35  Marine, Siege Tank  
  157  8:36  Medivac  
  157  8:38  Medivac  
  162  8:43  Marine x3  
  162  8:44  Marine  
  162  8:47  Marine  
  149  8:50  Marine  
  149  8:51  Marine x2  
  149  8:53  Marine  
  153  9:01  Marine x4  
  153  9:06  Marine  
  153  9:07  Siege Tank  
  153  9:08  Marine  
  153  9:09  Marine x2  
  130  9:11  Marine  
  130  9:13  Barracks  
  130  9:14  Barracks x2, SCV x2  
  130  9:17  SCV  
  134  9:18  Marine  
  134  9:21  Terran Vehicle Weapons Level 2  
  133  9:26  Marine x5, SCV x2  
  133  9:28  Factory Tech Lab  
  133  9:29  SCV  
  141  9:34  Refinery  
  141  9:35  Marine x2  
  141  9:36  Marine  
  144  9:38  Marine  
  144  9:39  Siege Tank  
  144  9:43  Marine x2  
  145  9:46  Marine  
  145  9:47  Marine x2  
  145  9:50  Siege Tank  
  145  9:51  Planetary Fortress  
  144  9:53  Marine x3  
  144  9:56  SCV x2, Marine  
  144  9:58  SCV  
  151  10:01  Barracks Reactor  
  151  10:02  Barracks Reactor x2  
  151  10:05  Terran Infantry Weapons Level 3  
  149  10:12  Terran Infantry Armor Level 3  
  149  10:13  Marine x2  
  151  10:15  Marine  
  151  10:18  Marine x2  
  151  10:20  Marine x3  
  157  10:22  Marine  
  158  10:30  Siege Tank  
  158  10:31  Marine, Siege Tank  
  165  10:40  Sensor Tower  
  165  10:41  Marine x10  
  175  10:52  Marine x5  
  175  10:54  SCV x3  
  183  10:58  Marine  
  183  10:59  Marine x2  
  183  11:04  Marine x4  
  183  11:07  Marine  
  188  11:24  Command Center  
  188  11:30  Missile Turret  
  188  11:32  Marine x4  
  188  11:41  Marine  
  188  11:45  Marine x5  
  188  11:46  Marine x5  
  187  11:49  Marine  
  188  12:00  Marine  
  188  12:01  Marine  
  171  12:03  Supply Depot  
  171  12:04  Supply Depot  
  171  12:05  Marine  
  171  12:06  Supply Depot  
  172  12:10  Marine x2  
  172  12:11  Marine x3, Medivac, SCV  
  172  12:12  Marine, Medivac, Siege Tank  
  172  12:13  Marine  
  172  12:14  Marine x3, Siege Tank  
  172  12:15  Marine  
  172  12:18  Marine  
  172  12:19  Marine x2  
  169  12:23  Marine  
  169  12:28  Marine x3  
  169  12:29  Marine x3  
  145  12:31  Marine  
  145  12:32  Marine x3  
  145  12:34  SCV  
  137  12:39  Marine x2  
  137  12:40  Marine  
  137  12:41  Marine, Medivac  
  137  12:42  Medivac  
  137  12:43  Marine  
  143  12:44  Siege Tank  
  143  12:46  Siege Tank  
  143  12:47  Orbital Command  
  143  12:48  Marine x4  
  153  12:56  Marine x6  
  153  12:57  Marine x2  
  161  13:07  Marine x2  
  161  13:09  Marine x4  
  167  13:13  Marine x2  
  167  13:14  Marine x3  
  167  13:16  Siege Tank  
  167  13:18  Siege Tank  
  178  13:20  Marine  
  178  13:25  Marine  
  180  13:28  Marine  
  180  13:33  Marine x2  
  180  13:34  Marine x9  
  187  13:38  Marine  
  176  13:46  Marine  
  160  13:48  Siege Tank  
  160  13:49  Marine x2  
  160  13:51  Marine x6, Siege Tank  
  174  13:59  Marine  
  174  14:00  Marine x3  
  174  14:01  Medivac x2  
  182  14:06  Marine  
  182  14:07  Marine x2  
  182  14:08  Marine  
  183  14:11  Marine x5  
  183  14:14  Marine  
  183  14:16  Marine  
  188  14:28  Marine x5  
  188  14:30  Marine  
  188  14:31  Marine x2, Medivac  
  196  14:33  Marine x2  
  196  14:35  Marine x2  
  164  14:38  Siege Tank  
  164  14:40  Marine  
  164  14:43  Marine x2  
  164  14:46  Marine x4  
  164  14:47  Marine  
  164  14:48  Marine  
  170  14:57  Marine  
  170  14:58  Marine x3  
  170  14:59  Marine x2  
  174  15:01  Marine x2  
  174  15:04  Marine  
  176  15:10  Marine  
  176  15:11  Siege Tank  
  160  15:16  Marine x4  
  160  15:17  Siege Tank  
  160  15:19  Marine  
  160  15:20  Marine  
  149  15:23  Marine x8  
  149  15:28  Marine  
  146  15:33  Marine  
  146  15:34  Marine x3  
  145  15:37  Marine  
  145  15:39  Marine  
  145  15:41  Marine x2  
  149  15:42  Medivac  
  149  15:43  Medivac  
  149  15:46  Marine  
  149  15:47  Marine x3  
  144  15:53  Marine  
  144  15:54  Marine x3  
  144  16:01  Marine x2  
  128  16:05  Marine x2  
  128  16:08  Marine x2  
  126  16:12  Medivac  
  126  16:13  Medivac  
  126  16:14  Marine x3  
  133  16:20  Orbital Command  
  133  16:24  Siege Tank  
  136  16:29  Marine x2  
  136  16:30  Marine x2  
  136  16:31  Marine x2  
  138  16:36  Marine x3  
  138  16:37  Marine x2  
  128  16:41  Marine  
  128  16:45  Siege Tank  
  125  16:54  Marine x7  
  117  16:55  Marine  
  117  16:56  Siege Tank  
  117  16:59  Marine  
  125  17:01  Marine  
  125  17:02  Marine  
  125  17:03  Marine  
  125  17:04  Marine  
  125  17:06  Marine  
  95  17:19  Marine x5  
  100  17:28  Marine  
Show
View Real Time Build Order
Export as new Build Order

Elazer Zerg - Winner!

Build Orders: Hatch First 

Get SALT Encoding   

  12  0:00  Drone  
  13  0:12  Overlord  
  13  0:17  Drone  
  14  0:30  Drone x2  
  16  0:48  Hatchery  
  15  0:51  Drone  
  15  0:55  Drone  
  17  0:58  Drone  
  18  1:08  Extractor  
  17  1:12  Spawning Pool  
  17  1:17  Drone  
  17  1:20  Drone  
  18  1:28  Drone  
  20  1:40  Drone  
  20  1:50  Drone  
  21  2:00  Queen x2  
  25  2:02  Zergling x4  
  27  2:11  Zergling x2  
  27  2:12  Metabolic Boost  
  27  2:13  Overlord  
  28  2:31  Hatchery  
  28  2:33  Drone x2  
  28  2:36  Drone  
  30  2:38  Drone  
  31  2:46  Queen  
  33  2:51  Overlord  
  33  2:54  Drone  
  33  2:56  Drone  
  35  2:59  Drone  
  36  3:06  Overlord  
  36  3:09  Drone x3  
  39  3:15  Drone  
  39  3:17  Overlord  
  40  3:22  Queen  
  42  3:27  Queen  
  44  3:35  Drone x2  
  46  3:42  Drone x2  
  46  3:43  Drone x5  
  46  3:48  Queen  
  55  3:53  Drone  
  56  3:56  Drone x4  
  56  4:01  Queen  
  62  4:03  Overlord  
  63  4:10  Drone x3  
  63  4:13  Drone  
  66  4:18  Overlord  
  66  4:21  Drone x4  
  66  4:22  Drone  
  66  4:23  Drone x3  
  73  4:34  Overlord  
  73  4:36  Queen  
  75  4:43  Extractor  
  74  4:46  Queen  
  74  4:47  Extractor  
  74  4:49  Drone x6  
  74  4:51  Lair  
  81  4:54  Overlord  
  81  4:58  Zergling x12  
  87  5:03  Zergling x2  
  88  5:07  Extractor, Overlord  
  88  5:11  Drone, Baneling Nest  
  87  5:15  Spore Crawler x2  
  87  5:17  Drone, Spore Crawler, Hatchery  
  87  5:18  Drone x4  
  88  5:21  Zergling x2  
  88  5:22  Zergling x6  
  88  5:27  Zergling x2  
  95  5:28  Zergling x6  
  95  5:29  Queen  
  95  5:31  Zergling x2  
  95  5:32  Zergling x2  
  103  5:39  Overlord x2  
  103  5:41  Zergling x2  
  104  5:50  Zergling x4  
  104  5:55  Centrifugal Hooks  
  106  5:57  Queen  
  106  6:00  Overlord  
  106  6:02  Zergling x18  
  117  6:12  Overlord, Evolution Chamber  
  117  6:13  Evolution Chamber  
  115  6:22  Drone x4  
  118  6:30  Drone x7, Hatchery  
  124  6:36  Drone  
  124  6:38  Drone  
  124  6:39  Zerg Ground Armor Level 1, Zerg Melee Weapons Level 1  
  126  6:44  Overlord x2  
  126  6:46  Drone x6  
  132  6:50  Baneling x14  
  132  6:52  Spore Crawler, Zergling x2  
  132  6:53  Zergling x4  
  134  6:54  Pneumatized Carapace  
  134  6:55  Burrow, Overseer  
  134  6:56  Zergling x2  
  134  7:00  Baneling x6  
  135  7:03  Zergling x6  
  138  7:09  Zergling x8  
  142  7:15  Zergling x2  
  142  7:16  Zergling x16  
  142  7:20  Zergling x2  
  151  7:25  Overlord x3  
  151  7:28  Extractor  
  151  7:29  Hydralisk Den  
  149  7:31  Extractor, Drone  
  149  7:34  Overlord  
  149  7:42  Drone  
  150  7:45  Drone  
  150  7:46  Drone  
  148  7:51  Zergling x24  
  148  7:52  Baneling x5  
  148  7:53  Baneling x7  
  159  7:58  Muscular Augments  
  159  8:03  Hydralisk  
  159  8:04  Hydralisk x3  
  167  8:05  Zergling x2  
  167  8:06  Zergling x16  
  167  8:10  Baneling x2  
  167  8:11  Overlord, Baneling x2  
  166  8:20  Zergling x12  
  158  8:28  Zergling x2  
  158  8:29  Zergling x20  
  162  8:45  Hydralisk  
  162  8:46  Hydralisk x12  
  162  8:47  Zergling x2  
  155  8:53  Zergling x2  
  155  8:54  Zergling x8  
  160  9:02  Zergling x14  
  139  9:10  Zergling x6  
  139  9:14  Queen x2  
  139  9:16  Zergling x22  
  154  9:19  Zergling x6  
  154  9:21  Baneling x10, Zerg Ground Armor Level 2  
  157  9:24  Zergling x8  
  157  9:26  Zerg Missile Weapons Level 1  
  161  9:34  Zergling x10  
  166  9:41  Zergling x12  
  158  9:48  Zergling x12  
  159  9:52  Zergling x2  
  159  9:53  Zergling x2  
  159  10:00  Zergling x4  
  159  10:01  Zergling x8  
  164  10:09  Hydralisk x7  
  164  10:10  Spore Crawler  
  164  10:11  Grooved Spines  
  177  10:15  Baneling x8  
  177  10:20  Zergling x14  
  184  10:33  Baneling x16  
  184  10:34  Zergling x12  
  190  10:36  Overlord  
  190  10:37  Overlord  
  189  10:52  Zergling x2  
  190  10:59  Baneling x3  
  178  11:06  Zergling x40  
  178  11:07  Zergling x2  
  199  11:15  Baneling x5  
  199  11:16  Baneling x6  
  196  11:38  Zergling x8  
  199  11:42  Zerg Missile Weapons Level 2, Zerg Melee Weapons Level 2  
  190  11:50  Zergling x24  
  197  11:59  Baneling x13  
  188  12:04  Zergling x4  
  188  12:05  Zergling x24  
  199  12:13  Zergling x20  
  184  12:25  Zergling x24  
  175  12:32  Hydralisk x4  
  178  12:44  Baneling x7  
  170  12:46  Zergling x26  
  183  12:52  Drone x3  
  183  12:57  Zergling x4  
  183  12:58  Baneling x20  
  188  13:00  Hatchery  
  188  13:01  Zergling x10  
  191  13:09  Zergling x2  
  191  13:10  Zergling x4  
  192  13:20  Zergling x16  
  192  13:24  Baneling x13  
  192  13:25  Baneling x2  
  186  13:43  Zergling x34  
  178  13:48  Zergling x4  
  178  13:52  Zergling x2  
  178  13:53  Zergling x2  
  182  13:57  Baneling x16  
  182  14:09  Zergling x28  
  196  14:12  Hatchery  
  194  14:21  Zergling x14  
  189  14:32  Zergling x20  
  164  14:40  Zergling x8  
  164  14:41  Zergling x12  
  164  14:43  Hydralisk x3  
  167  14:47  Hydralisk x2  
  167  14:49  Baneling x13  
  171  14:53  Zergling x6  
  171  14:59  Zergling x2  
  174  15:00  Zergling x2  
  171  15:08  Hatchery  
  171  15:14  Zergling x20  
  152  15:20  Zergling x26  
  159  15:28  Zergling x8  
  157  15:33  Zergling x2  
  158  15:37  Zergling x2  
  158  15:38  Zergling x4  
  158  15:39  Baneling x12  
  158  15:42  Zergling x10  
  166  15:46  Zergling x24  
  176  15:54  Baneling x3  
  174  15:58  Zergling x12  
  148  16:07  Hydralisk x4  
  148  16:11  Zergling x8  
  153  16:14  Zergling x24  
  163  16:20  Baneling x10, Zergling x2  
  163  16:21  Zergling x6  
  165  16:26  Hydralisk x2  
  157  16:33  Zergling x8  
  157  16:38  Zergling x10  
  158  16:46  Zergling x22  
  162  16:54  Zergling x14  
  151  17:06  Zergling x18  
  155  17:09  Zergling x6  
  155  17:14  Zergling x6  
  159  17:32  Hatchery  
Tags
 
Add a new tag
Caveats
  • Supply blocks, unpowered buildings, or Contaminate may cause inaccurate times.
  • Supply counts are checked every 10 seconds.